 Dungeon Crawl Stone Soup version 0.30.1 (webtiles) character file.

Game seed: 9222647820930220794

153 Graphine the Conjurer (level 5, 0/38 HPs)
             Began as a Human Conjurer on July 8, 2023.
             Slain by Terence
             ... wielding a +2 short sword of freezing
              (1 damage)
             ... on level 3 of the Dungeon.
             The game lasted 00:06:40 (2711 turns).

Graphine the Conjurer (Human Conjurer)              Turns: 2711, Time: 00:06:40

Health: 0/38       AC:  7    Str:  7    XL:     5   Next: 61%
Magic:  1/9        EV: 12    Int: 20    God:
Gold:   168        SH:  0    Dex: 12    Spells: 3/9 levels left

rFire   . . .        h - +2 dagger (drain)
rCold   . . .        (no shield)
rNeg    . . .        f - +2 robe {Will+}
rPois   .            m - +2 helmet
rElec   .            (no cloak)
rCorr   .            (no gloves)
SInv    .            (no boots)
Will    +....        (no amulet)
Stlth   ++           (no ring)
HPRegen 0.26/turn    (no ring)
MPRegen 0.11/turn

%: no passive effects
@: no status effects
A: no striking features
a: no special abilities


You were on level 3 of the Dungeon.
You visited 1 branch of the dungeon, and saw 3 of its levels.

You collected 168 gold pieces.

Inventory:

Hand Weapons
 h - a +2 dagger of draining (weapon)
Armour
 f - a +2 robe of willpower (worn)
 m - a +2 helmet (worn)
Wands
 c - a wand of digging (5)
Scrolls
 g - a scroll of amnesia
 j - a scroll of fog
 l - 2 scrolls of teleportation
Potions
 d - a potion of brilliance
 e - a potion of invisibility
 i - 2 potions of flight


   Skills:
 + Level 1.7 Fighting
 + Level 2.7 Dodging
 - Level 2.0 Stealth
 + Level 2.7 Spellcasting
 * Level 5.0 Conjurations
 + Level 1.3 Hexes


You had 3 spell levels left.
You knew the following spells:

 Your Spells              Type           Power      Damage    Failure   Level
a - Magic Dart            Conj           92%        1d7       1%          1
b - Searing Ray           Conj           46%        2d6       2%          2
c - Dazzling Flash        Conj/Hex       30%        N/A       12%         3

Your spell library contained the following spells:

 Spells                   Type           Power      Damage    Failure   Level
 Fulminant Prism          Conj/Hex       7%         3d6       36%         4
 Iskenderun's Mystic Bla  Conj/Tloc      12%        2d5       45%         4


Dungeon Overview and Level Annotations

Branches:
Dungeon (3/15)

Altars:
Nemelex Xobeh

Shops:
D:2 ?

Annotations:
D:3 Terence


Message History

Confirm with . or Enter, or press ? or * to list all spells.
Aiming: Searing Ray (safe; 2% risk of failure)
Press: ? - help, Shift-Dir - straight line, f - Terence
Aim: Terence, wielding a +2 short sword of freezing and wearing a +1 scale mail of willpower (lightly wounded, 81% to hit)
The searing ray hits the adder.
The adder is heavily wounded.
The searing ray hits Terence but does no damage.
Terence is lightly wounded. (Press . to maintain the ray.)
The adder bites you but does no damage. The adder completely misses you.
The searing ray hits the adder!
You kill the adder!
The searing ray hits Terence.
Terence is lightly wounded.
The searing ray hits Terence.
Terence is heavily wounded.
Terence hits you with a +2 short sword of freezing.
* * * LOW HITPOINT WARNING * * *
Terence freezes you.
* * * LOW HITPOINT WARNING * * *
The searing ray hits Terence.
Terence is severely wounded.
You finish channelling your searing ray.
Terence closely misses you. Terence closely misses you.
Casting: Searing Ray (safe; 2% risk of failure)
Confirm with . or Enter, or press ? or * to list all spells.
Aiming: Searing Ray (safe; 2% risk of failure)
Press: ? - help, Shift-Dir - straight line, f/p - Terence
Aim: Terence, wielding a +2 short sword of freezing and wearing a +1 scale mail of willpower (severely wounded, 81% to hit)
The searing ray hits Terence but does no damage.
Terence is severely wounded. (Press . to maintain the ray.) Terence misses you.
The searing ray hits Terence but does no damage.
Terence is severely wounded.
Terence hits you with a +2 short sword of freezing!
* * * LOW HITPOINT WARNING * * *
Terence freezes you.
You die...

..#.#.........#....#
..................#
......##....####..#
####.###.#### ..#
#.....# ..# ###.###
..# #.# ..# #@# ..#
#@# #.# #.# #.# #.#
#.# ###.#######
#...†......
#.#########


You could see Terence.

Vanquished Creatures
  Jessica (D:2)
  Robin (D:2)
  4 adders
  2 worms (D:2)
  A dart slug (D:2)
  An endoplasm (D:2)
  2 giant cockroaches (D:1)
  13 goblins
  15 hobgoblins
  6 jackals
  6 kobolds
  2 quokkas
  3 ball pythons
  4 bats
  A frilled lizard (D:1)
  A rat (D:2)
63 creatures vanquished.

Notes
Turn   | Place    | Note
-------+----------+-------------------------------------------
     0 | D:1      | Graphine the Human Conjurer began the quest for the Orb.
     0 | D:1      | Reached XP level 1. HP: 13/13 MP: 3/3
   144 | D:1      | Reached XP level 2. HP: 20/20 MP: 0/5
   221 | D:1      | Learned a level 2 spell: Searing Ray
   511 | D:1      | Reached XP level 3. HP: 12/25 MP: 1/6
   515 | D:1      | Learned a level 3 spell: Dazzling Flash
   666 | D:1      | Reached skill level 1 in Fighting
   684 | D:1      | Found a faded altar of an unknown god.
  1104 | D:2      | Noticed Jessica
  1121 | D:2      | Killed Jessica
  1122 | D:2      | Reached XP level 4. HP: 19/32 MP: 2/7
  1269 | D:2      | Noticed Robin
  1288 | D:2      | Killed Robin
  1289 | D:2      | Reached skill level 1 in Hexes
  1453 | D:2      | Reached XP level 5. HP: 37/37 MP: 5/8
  1494 | D:2      | Found Lestrouz's Magic Scroll Shoppe.
  1803 | D:2      | Found a sparkling altar of Nemelex Xobeh.
  1818 | D:2      | Reached skill level 5 in Conjurations
  2679 | D:3      | Noticed Terence
  2711 | D:3      | HP: 1/38 [Terence/+2 short sword of freezing (7)]
  2711 | D:3      | Slain by Terence

Illustrated notes

Levels and vault maps discovered:
D:1:      dpeg_arrival_morbid_curiosity, layout_basic,
          shapermc_ecumenical_altar_starsandcircs
D:2:      layout_basic, serial_shops, nicolae_shop_behind_doors, basic_altar,
          minmay_misc_feat_secret_circle, uniq_jessica, uniq_robin
D:3:      layout_loops_ring, palyth_temple_overflow_mages, serial_shops,
          nicolae_shop_trees, nicolae_half_adder, uniq_crazy_yiuf_cottage,
          uniq_terence

Skill      XL: |  1  2  3  4  5 |
---------------+----------------+-----
Fighting       | 1 |  1.7
Hexes          | 1 |  1.3
Conjurations   | 5 |  5.0
Dodging        | |  2.7
Stealth        | |  2.0
Spellcasting   | |  2.7

Action                     |  1- 3 |  4- 6 || total
---------------------------+-------+-------++-------
  Melee: Unarmed           |    28 |       ||    28
         Dagger            |    25 |    35 ||    60
         Punch             |     1 |     1 ||     2
   Cast: Magic Dart        |    27 |    48 ||    75
         Searing Ray       |     3 |     4 ||     7
         Dazzling Flash    |     2 |     2 ||     4
    Use: Scroll            |     5 |     6 ||    11
         Potion            |       |     1 ||     1
   Stab: Sleeping          |     1 |       ||     1
         Invisible         |       |     1 ||     1
 Armour: Robe              |    14 |    12 ||    26
  Dodge: Dodged            |    53 |    36 ||    89
